[Event "XII Cracow ICC-A 2024"]
[Site "Krakow"]
[Date "2024.06.23"]
[Round "3.11"]
[White "Gierulski, Kamil"]
[Black "Bogdanov, Egor"]
[Result "1/2-1/2"]
[ECO "B51"]
[WhiteElo "2242"]
[BlackElo "2433"]
[Annotator "TA"]
[PlyCount "128"]
[EventDate "2024.06.20"]
[EventType "swiss"]
[EventCountry "POL"]
[SourceTitle "playchess.com"]
[Source "ChessBase"]
[SourceQuality "1"]
[TimeControl "40/5400+30:1800+30"]

1. e4 c5 2. Nf3 d6 3. Bb5+ Nd7 4. a4 Ngf6 5. Nc3 a6 6. Be2 {[%emt 0:00:09] B51: Sicilian: Moscow Variation (3 Bb5+) without 3...Bd7.} b6 7. d4 cxd4 8. Qxd4 Bb7 9. O-O e6 10. Rd1 Qc7 11. Be3 Ng4 12. Bg5 h6 13. Bh4 Nge5 14. h3 Qc5 $146 ({Predecessor:} 14... Rc8 15. Bg3 Be7 16. Rd2 O-O 17. Nxe5 Nxe5 18. Ra3 Nc6 19. Qe3 Bg5 20. Bf4 Bxf4 21. Qxf4 {1-0 Mishra,A (2524)-Baskin,R (2393) Reykjavik Kvika op 2022 (8)}) 15. Qd2 Nxf3+ 16. Bxf3 Ne5 17. Be2 Rc8 18. Ra3 Be7 19. Bxe7 Kxe7 20. Rb3 Rhd8 21. Qd4 Qxd4 22. Rxd4 Nd7 23. f4 g5 24. fxg5 hxg5 25. Kf2 Rc6 26. Ke3 Rdc8 27. Ra3 Rc5 28. Ra1 Re5 29. Kd2 Rh8 30. Bf1 Rh4 31. g3 Rh6 32. Rc4 Rc5 33. Rxc5 Nxc5 34. Ke3 Rh8 35. Rd1 Rc8 36. Be2 Rh8 37. Bf1 $1 Nd7 38. Rd4 Rc8 (38... a5 $15 {deserves consideration.}) 39. Be2 $11 Rc5 (39... Rh8 40. Rc4 $15) 40. Bd3 Re5 41. b4 Nb8 42. Rc4 Kd8 43. b5 (43. Rd4 $5) 43... a5 44. Rd4 Rc5 45. Nb1 (45. Rxd6+ $2 Kc7 46. Rd4 Rxc3 $19) 45... Ke7 46. Nd2 e5 (46... Nd7 $15) 47. Rc4 $11 Nd7 48. Nb3 Rxc4 49. Bxc4 Nf6 50. Nd2 $1 d5 51. exd5 Bxd5 52. h4 gxh4 53. gxh4 Kd6 54. Kd3 Ng4 $2 {[%emt 0:06:48][%mdl 8192] [#]} (54... Be6 $1 $11 {and Black is okay.}) 55. Bxd5 $1 $18 Kxd5 56. c4+ Ke6 57. Nb3 f5 $2 (57... Nf2+ 58. Kc2 Ng4 (58... Ne4 $2 59. c5 $18)) 58. c5 $18 bxc5 59. b6 (59. Nxc5+ Kd5 60. b6 Kd6 $18 (60... Kxc5 $2 {too greedy.} 61. b7 $18)) 59... e4+ 60. Ke2 Kd7 61. Nxc5+ $2 ({Only move:} 61. Nxa5 $18 Kc8 62. Nc4) 61... Kc6 $11 62. b7 Kc7 $1 63. h5 Kb8 64. Kd2 Ka7 (64... e3+ $11 {keeps the balance.} 65. Ke2 f4) 1/2-1/2

[Event "XII Cracow ICC-A 2024"]
[Site "Krakow"]
[Date "2024.06.23"]
[Round "3.12"]
[White "Sieciechowicz, Marcin"]
[Black "Mahitosh Dey"]
[Result "1-0"]
[ECO "D35"]
[WhiteElo "2405"]
[BlackElo "2232"]
[Annotator "RC"]
[PlyCount "81"]
[EventDate "2024.06.20"]
[EventType "swiss"]
[EventCountry "POL"]
[SourceTitle "playchess.com"]
[Source "ChessBase"]
[SourceQuality "1"]
[TimeControl "40/5400+30:1800+30"]

1. d4 d5 2. c4 e6 3. Nc3 Nf6 4. cxd5 exd5 5. Bg5 Nbd7 6. e3 Be7 7. Qc2 c6 8. Bd3 Nh5 9. Bxe7 Qxe7 10. Nge2 Ndf6 11. O-O g6 12. Qd2 O-O 13. Rae1 Re8 14. Nf4 Nxf4 15. exf4 Qd6 16. Re5 Bd7 17. Rfe1 Ng4 18. Rxe8+ Rxe8 19. h3 Rxe1+ 20. Qxe1 Nf6 21. Qe5 Ne8 22. Ne2 f6 23. Qe3 Qe6 24. Qd2 Nd6 25. Qa5 a6 26. Qc7 Qe7 27. Ng3 Kf7 28. Qa5 Ne4 29. Bxe4 dxe4 30. Nf1 Qd6 31. Qb6 Bc8 32. Ne3 Qxf4 33. Qd8 Bf5 34. g3 Qf3 35. Qc7+ Kg8 36. Qb8+ Kg7 37. Qxb7+ Kh6 38. g4 Be6 39. Qe7 Bd5 40. Qf8+ Kg5 41. h4+ 1-0

[Event "XII Cracow ICC-A 2024"]
[Site "Krakow"]
[Date "2024.06.23"]
[Round "3.14"]
[White "Jake Shanty"]
[Black "Hollan, Martin"]
[Result "1/2-1/2"]
[ECO "A15"]
[WhiteElo "2217"]
[BlackElo "2373"]
[Annotator "RC"]
[PlyCount "66"]
[EventDate "2024.06.20"]
[EventType "swiss"]
[EventCountry "POL"]
[SourceTitle "playchess.com"]
[Source "ChessBase"]
[SourceQuality "1"]
[TimeControl "40/5400+30:1800+30"]

1. Nf3 Nf6 2. c4 e6 3. b3 d5 4. Bb2 Be7 5. e3 Nbd7 6. Be2 b6 7. O-O Bb7 8. d4 O-O 9. Nbd2 Bd6 10. Rc1 Qe7 11. Re1 Rac8 12. Bd3 Ne4 13. Qe2 Nb8 14. Nf1 f5 15. cxd5 exd5 16. Ng3 Rcd8 17. Ne5 Bxe5 18. dxe5 Nxg3 19. hxg3 c5 20. g4 Bc8 21. gxf5 Bxf5 22. Bxf5 Rxf5 23. e4 dxe4 24. Qxe4 Qe6 25. Rcd1 Rff8 26. Bc3 Nc6 27. f3 b5 28. Qe3 Rd5 29. Rxd5 Qxd5 30. Qe2 a6 31. Rd1 Nd4 32. Bxd4 cxd4 33. Qd3 Qxe5 1/2-1/2

[Event "XII Cracow ICC-A 2024"]
[Site "Krakow"]
[Date "2024.06.23"]
[Round "3.15"]
[White "Szczurek, Krzysztof"]
[Black "Zwardon, Vojtech"]
[Result "0-1"]
[ECO "B36"]
[WhiteElo "2245"]
[BlackElo "2458"]
[Annotator "TA"]
[PlyCount "54"]
[EventDate "2024.06.20"]
[EventType "swiss"]
[EventCountry "POL"]
[SourceTitle "playchess.com"]
[Source "ChessBase"]
[SourceQuality "1"]
[TimeControl "40/5400+30:1800+30"]

1. e4 c5 2. Nf3 Nc6 3. d4 cxd4 4. Nxd4 g6 5. c4 Nf6 6. Nc3 Nxd4 7. Qxd4 d6 8. Be2 Bg7 9. O-O O-O 10. Qd3 Nd7 11. Qc2 Nc5 12. Nd5 e6 13. Nc3 {The position is equal.} Bd7 14. Be3 Bc6 15. f3 {Hoping for b4.} a5 16. Rfd1 Qe7 17. Rd2 Be5 18. Bf1 (18. Rf1 $5) 18... a4 19. Rc1 f5 20. exf5 Rxf5 21. Re2 Raf8 {...Qf6 would now be deadly. Black is more active.} 22. Rce1 $2 {[%mdl 8192] [#]} (22. Qd2 $15) 22... Bxh2+ $1 23. Kxh2 $19 Qh4+ 24. Kg1 {Strongly threatening Bf2.} Rh5 $40 {[%mdl 128] Black wants a kill.} 25. Nd5 $2 (25. f4 g5 26. f5 (26. fxg5 $2 Qh2#) 26... Be4 (26... Qxc4 27. Bxc5 Qxc5+ 28. Rf2 $16) (26... Rxf5 $2 27. Qxf5 exf5 28. Bxg5 $19) 27. Bxg5 Qh2+ 28. Kf2 Bxc2 $19 (28... Rxf5+ $2 29. Ke3 $19)) (25. Rd1 Qh2+ 26. Kf2 Bxf3 (26... Qh4+ 27. Kg1 $15) 27. Ke1) 25... exd5 {Black is clearly winning.} 26. Bxc5 d4 {( -> ...Qh2+)} 27. Qd3 dxc5 {Weighted Error Value: White=1.14/Black=0.33.  Loses game:     	White=2     	---        Mistake:       	White=1     	Black=1      Inaccurate:     	White=2     	Black=1      OK:         	White=3     	Black=5      Best:        	---       	Black=2} 0-1

[Event "XII Cracow ICC-A 2024"]
[Site "Krakow"]
[Date "2024.06.23"]
[Round "3.16"]
[White "Drozdowski, Kacper"]
[Black "Klepek, Witold"]
[Result "1-0"]
[ECO "C01"]
[WhiteElo "2448"]
[BlackElo "2236"]
[Annotator "TA"]
[PlyCount "67"]
[EventDate "2024.06.20"]
[EventType "swiss"]
[EventCountry "POL"]
[SourceTitle "playchess.com"]
[Source "ChessBase"]
[SourceQuality "1"]
[TimeControl "40/5400+30:1800+30"]

1. e4 e6 2. d4 d5 3. exd5 exd5 4. h3 Nf6 5. Nf3 Bf5 6. Be2 Bd6 7. O-O Nc6 8. c4 {[%emt 0:01:26] The position is equal.} O-O 9. Nc3 dxc4 10. Bxc4 Ne4 {[%emt 0:09:41] Dodges Bg5} 11. Re1 Nxc3 12. bxc3 Qf6 (12... h6 $11 {remains equal.}) 13. g4 $1 $16 Bc2 14. Qxc2 Qxf3 15. Bf1 Rae8 16. Be3 Qf6 17. Rab1 Nd8 18. Qf5 Qxf5 19. gxf5 Re7 20. c4 {[%emt 0:10:17][%cal Bc3c4,Bc4c5][%mdl 32] And now c5 would win.} Rfe8 21. Red1 c6 22. Bg2 f6 23. c5 Bc7 24. Kf1 {[%emt 0:08:43] White is more active.} Kf8 25. d5 cxd5 26. Bxd5 Re5 (26... Rd7 $16 {was necessary.}) 27. Bxb7 $18 {[%emt 0:04:02] This pair of bishops is nice.} Rxf5 28. Bc8 Rfe5 29. Bd7 R8e7 {[%emt 0:00:18] [#]} 30. c6 $1 $36 {[%emt 0:01:19][%mdl 2048] White is on the roll.} Ra5 {[%emt 0:00:45] [#]} (30... Rxe3 {is a better defense.} 31. fxe3 Rxe3) 31. Bd2 $1 Ra6 (31... Ra4 {keeps fighting.} 32. Bb4 Rxb4) 32. Bb4 {[%emt 0:00:34] White is clearly winning.} Nxc6 (32... Rb6 $142 33. Bxe7+ Kxe7) 33. Bxc6 Rxc6 34. Rd7 {[%emt 0:00:42] Weighted Error Value: White=0.08 (flawless) /Black=0.28 (precise) .  Mistake:       	---       	Black=5      Inaccurate:     	White=1     	Black=2      OK:         	White=8     	Black=8      Best:        	White=3     	Black=2      Strong:       	White=2     	---} 1-0

[Event "XII Cracow ICC-A 2024"]
[Site "Krakow"]
[Date "2024.06.23"]
[Round "3.17"]
[White "Alexiadis, Hristos"]
[Black "Jaskolka, Tomasz"]
[Result "1/2-1/2"]
[ECO "A96"]
[WhiteElo "2378"]
[BlackElo "2249"]
[Annotator "RC"]
[PlyCount "126"]
[EventDate "2024.06.20"]
[EventType "swiss"]
[EventCountry "POL"]
[SourceTitle "playchess.com"]
[Source "ChessBase"]
[SourceQuality "1"]
[TimeControl "40/5400+30:1800+30"]

1. d4 e6 2. Nf3 f5 3. c4 Nf6 4. g3 Be7 5. Bg2 O-O 6. O-O d6 7. Nc3 Ne4 8. Qd3 Nxc3 9. bxc3 Nc6 10. e4 e5 11. Re1 Kh8 12. dxe5 dxe5 13. Qxd8 Rxd8 14. Ng5 Rf8 15. exf5 Bxf5 16. Bd5 Bxg5 17. Bxg5 Rae8 18. Be3 Na5 19. Bc5 Rf6 20. Bd4 c6 21. Bxe5 Rff8 22. Bf3 Nxc4 23. Bf4 Kg8 24. Bh5 Bg6 25. Bg4 Bf7 26. Bd7 Rxe1+ 27. Rxe1 Rd8 28. Bg4 Re8 29. Rb1 Bd5 30. Kf1 b5 31. Bd1 Nb6 32. Be3 Bxa2 33. Ra1 Bc4+ 34. Kg2 Nd5 35. Bxa7 Re1 36. Bd4 Bf1+ 37. Kf3 Be2+ 38. Bxe2 Rxa1 39. c4 Ra3+ 40. Ke4 bxc4 41. Bxc4 Ra5 42. Ke5 Kf8 43. Kd6 Ne7 44. Be6 Nf5+ 45. Bxf5 Rxf5 46. Kxc6 g5 47. h3 h5 48. Kd6 Kf7 49. g4 Rf3 50. gxh5 Rxh3 51. Ke5 Rf3 52. Be3 g4 53. Ke4 Kf6 54. h6 Kg6 55. Kd3 Kf5 56. Ke2 Ke4 57. Kf1 Kd3 58. Kg2 Ke2 59. Bd4 Rh3 60. Bg7 Kd3 61. Bf8 Ke4 62. Bg7 Kf5 63. f3 Rh5 1/2-1/2

[Event "XII Cracow ICC-A 2024"]
[Site "Krakow"]
[Date "2024.06.23"]
[Round "3.18"]
[White "Kutowski, Marcel"]
[Black "Citak, Selim"]
[Result "1/2-1/2"]
[ECO "C88"]
[WhiteElo "2230"]
[BlackElo "2345"]
[Annotator "RC"]
[PlyCount "52"]
[EventDate "2024.06.20"]
[EventType "swiss"]
[EventCountry "POL"]
[SourceTitle "playchess.com"]
[Source "ChessBase"]
[SourceQuality "1"]
[TimeControl "40/5400+30:1800+30"]

1. e4 e5 2. Nf3 Nc6 3. Bb5 a6 4. Ba4 Nf6 5. O-O Be7 6. Re1 b5 7. Bb3 O-O 8. a4 Bb7 9. d3 d6 10. Nc3 Na5 11. axb5 Nxb3 12. cxb3 axb5 13. Rxa8 Qxa8 14. Nxb5 c5 15. Bg5 Qa6 16. Nc3 h6 17. Bxf6 Bxf6 18. Nd2 Rd8 19. Nc4 d5 20. exd5 Bxd5 21. Nxd5 Rxd5 22. Qc2 Rd8 23. h3 Rd5 24. Rd1 Rd8 25. Ne3 Qd6 26. Qc4 g6 1/2-1/2

[Event "XII Cracow ICC-A 2024"]
[Site "Krakow"]
[Date "2024.06.23"]
[Round "3.19"]
[White "Turski, Bartlomiej"]
[Black "Kracht, Raphael"]
[Result "1/2-1/2"]
[ECO "E23"]
[WhiteElo "2334"]
[BlackElo "2199"]
[Annotator "RC"]
[PlyCount "77"]
[EventDate "2024.06.20"]
[EventType "swiss"]
[EventCountry "POL"]
[SourceTitle "playchess.com"]
[Source "ChessBase"]
[SourceQuality "1"]
[TimeControl "40/5400+30:1800+30"]

1. d4 Nf6 2. c4 e6 3. Nc3 Bb4 4. Qb3 c5 5. Nf3 Nc6 6. dxc5 Ne4 7. Bd2 Nxd2 8. Nxd2 Bxc5 9. g3 b6 10. Bg2 Bb7 11. O-O f5 12. a3 O-O 13. Qd1 Be7 14. Rc1 Rc8 15. Nb3 Ba8 16. Nb5 a6 17. Nd6 Rc7 18. f4 Na5 19. Nxa5 Bxg2 20. Kxg2 bxa5 21. c5 Qa8+ 22. Rf3 Qc6 23. Rcc3 Bf6 24. Rc2 Rb8 25. Qc1 Qd5 26. b4 axb4 27. axb4 Rxb4 28. Ne8 Rc6 29. Nxf6+ gxf6 30. Rd2 Rd4 31. Rxd4 Qxd4 32. Rd3 Qe4+ 33. Kf2 Rc7 34. Qa1 Qc6 35. Qxf6 Qxc5+ 36. Kg2 Qc6+ 37. Kh3 Rc8 38. Qe7 d5 39. Qg5+ 1/2-1/2

[Event "XII Cracow ICC-A 2024"]
[Site "Krakow"]
[Date "2024.06.23"]
[Round "3.20"]
[White "Gullaksen, Eirik"]
[Black "Vasynda, Oleksandr"]
[Result "0-1"]
[ECO "B31"]
[WhiteElo "2307"]
[BlackElo "2219"]
[Annotator "RC"]
[PlyCount "50"]
[EventDate "2024.06.20"]
[EventType "swiss"]
[EventCountry "POL"]
[SourceTitle "playchess.com"]
[Source "ChessBase"]
[SourceQuality "1"]
[TimeControl "40/5400+30:1800+30"]

1. e4 c5 2. Nf3 Nc6 3. Bb5 g6 4. Bxc6 dxc6 5. d3 Bg7 6. h3 e5 7. Be3 Qe7 8. Nc3 Nf6 9. Qd2 h6 10. O-O Nd7 11. a3 Nf8 12. b4 Ne6 13. Ne2 f5 14. exf5 gxf5 15. Rae1 cxb4 16. axb4 f4 17. Bxf4 exf4 18. Nxf4 O-O 19. Ng6 Qf6 20. Nxf8 Qxf8 21. Ne5 Nf4 22. Re4 Nxh3+ 23. gxh3 Bxh3 24. Rfe1 Bxe5 25. Rxe5 Qg7+ 0-1

[Event "XII Cracow ICC-A 2024"]
[Site "Krakow"]
[Date "2024.06.23"]
[Round "3.21"]
[White "Petrovic, Aleksa"]
[Black "Adithya A Chullikkad"]
[Result "1-0"]
[ECO "D02"]
[WhiteElo "2303"]
[BlackElo "2216"]
[Annotator "RC"]
[PlyCount "73"]
[EventDate "2024.06.20"]
[EventType "swiss"]
[EventCountry "POL"]
[SourceTitle "playchess.com"]
[Source "ChessBase"]
[SourceQuality "1"]
[TimeControl "40/5400+30:1800+30"]

1. d4 Nf6 2. Nf3 d5 3. c4 e6 4. e3 Be7 5. b3 O-O 6. Bd3 c5 7. O-O b6 8. Bb2 Bb7 9. Nbd2 Nbd7 10. Qe2 Rc8 11. Rad1 Qc7 12. Ne5 Rfd8 13. f4 Ne4 14. cxd5 exd5 15. Nxe4 dxe4 16. Bc4 Nxe5 17. fxe5 Bd5 18. Bxd5 Rxd5 19. Qg4 Qd7 20. Qxe4 Bf8 21. Rc1 Rd8 22. Rc2 Qe6 23. Qf3 R5d7 24. Rd2 cxd4 25. exd4 Bc5 26. Rdd1 Bf8 27. Rc1 Qe8 28. Rc6 Rd5 29. Rc7 R8d7 30. Rfc1 h6 31. g3 b5 32. Qg4 Bb4 33. Rc8 Rd8 34. Rxd8 Rxd8 35. d5 Ba5 36. e6 Qf8 37. e7 1-0

[Event "XII Cracow ICC-A 2024"]
[Site "Krakow"]
[Date "2024.06.23"]
[Round "3.22"]
[White "Berin, Artem"]
[Black "Brzezina, Piotr"]
[Result "1/2-1/2"]
[ECO "E47"]
[WhiteElo "2234"]
[BlackElo "2298"]
[Annotator "RC"]
[PlyCount "89"]
[EventDate "2024.06.20"]
[EventType "swiss"]
[EventCountry "POL"]
[SourceTitle "playchess.com"]
[Source "ChessBase"]
[SourceQuality "1"]
[TimeControl "40/5400+30:1800+30"]

1. d4 Nf6 2. c4 e6 3. Nc3 Bb4 4. e3 O-O 5. Bd3 c5 6. Nf3 Nc6 7. O-O Bxc3 8. bxc3 d6 9. e4 e5 10. Be3 cxd4 11. cxd4 exd4 12. Nxd4 Ne5 13. f3 Nxd3 14. Qxd3 Nd7 15. Rfd1 Ne5 16. Qb3 Qc7 17. Rac1 a6 18. Nf5 Bxf5 19. exf5 Rac8 20. c5 dxc5 21. Rxc5 Nc6 22. Rcd5 Na5 23. Qb4 Rfd8 24. f6 g6 25. Qh4 Rxd5 26. Rxd5 Qc3 27. Bd2 Qa1+ 28. Kf2 Nc6 29. Rd6 Kh8 30. Qc4 Kg8 31. Bc3 Qc1 32. Qd3 Re8 33. Qd2 Qxd2+ 34. Rxd2 Rd8 35. Rxd8+ Nxd8 36. Bb4 Nc6 37. Bc5 g5 38. Ke3 h6 39. h4 gxh4 40. f4 Kh7 41. f5 Ne5 42. Ke4 Ng4 43. Bd4 h5 44. Kd5 Nh6 45. Ke4 1/2-1/2

[Event "XII Cracow ICC-A 2024"]
[Site "Krakow"]
[Date "2024.06.23"]
[Round "3.23"]
[White "Garbuz, Vitaliy"]
[Black "Eliseev, Sergey"]
[Result "1/2-1/2"]
[ECO "B22"]
[WhiteElo "2205"]
[BlackElo "2296"]
[Annotator "RC"]
[PlyCount "79"]
[EventDate "2024.06.20"]
[EventType "swiss"]
[EventCountry "POL"]
[SourceTitle "playchess.com"]
[Source "ChessBase"]
[SourceQuality "1"]
[TimeControl "40/5400+30:1800+30"]

1. e4 c5 2. c3 d5 3. exd5 Qxd5 4. d4 Nc6 5. Nf3 Nf6 6. Na3 Bg4 7. Be2 e6 8. O-O O-O-O 9. Ng5 Bxe2 10. Qxe2 Rd7 11. dxc5 Bxc5 12. b4 Bb6 13. Be3 Bxe3 14. Qxe3 h6 15. Nf3 Qe4 16. Qxe4 Nxe4 17. Rfe1 Ng5 18. Nxg5 hxg5 19. Nc4 Rd5 20. b5 Rh4 21. bxc6 Rxc4 22. cxb7+ Kxb7 23. Rab1+ Kc6 24. Rb8 Rd7 25. Rb3 a5 26. Reb1 Rc7 27. Rb5 Rc5 28. a4 Kd5 29. Kf1 Kc4 30. Ke2 Kxc3 31. Ke3 Kc4 32. Rc1+ Kd5 33. Rxa5 Rxa5 34. Rxc7 f5 35. Rxg7 g4 36. Rd7+ Kc5 37. Rc7+ Kd5 38. Rd7+ Kc5 39. Rc7+ Kd5 40. Rd7+ 1/2-1/2

[Event "XII Cracow ICC-A 2024"]
[Site "Krakow"]
[Date "2024.06.23"]
[Round "3.24"]
[White "Meessen, Rudolf"]
[Black "Dziewonski, Dariusz"]
[Result "1/2-1/2"]
[ECO "D00"]
[WhiteElo "2182"]
[BlackElo "2293"]
[Annotator "RC"]
[PlyCount "45"]
[EventDate "2024.06.20"]
[EventType "swiss"]
[EventCountry "POL"]
[SourceTitle "playchess.com"]
[Source "ChessBase"]
[SourceQuality "1"]
[TimeControl "40/5400+30:1800+30"]

1. d4 d5 2. Bf4 Nf6 3. e3 c5 4. Nf3 cxd4 5. exd4 Nc6 6. Nbd2 Bg4 7. c3 e6 8. Qb3 Qc8 9. h4 Bf5 10. Ne5 Nxe5 11. dxe5 Nd7 12. Nf3 h6 13. Be3 Be7 14. Nd4 Be4 15. f3 Bh7 16. f4 O-O 17. Qd1 Nc5 18. Qg4 Nd3+ 19. Bxd3 Bxd3 20. Rh3 Bf5 21. Nxf5 exf5 22. Qe2 Qe6 23. Bd4 1/2-1/2